Map: New Repugnancy LE

Players

HeroMarine - Winner!

  • Race: Terran Terran
  • Spawn Location: 7:00

Rex

  • Race: Zerg Zerg
  • Spawn Location: 1:00

Event: 2019 WCS Spring

VOD

Have the link to the VOD?

Description

Time

  • Played on: May 17, 2019, 1:15 p.m.
  • Length: 10:37

All games in this series

Show
View Real Time Build Order
Export as new Build Order

HeroMarine Terran - Winner!

Build Orders: Gas First Reaper Expand, Banshee Rush 

Get SALT Encoding   

  12  0:00  SCV  
  13  0:12  SCV  
  14  0:17  Supply Depot  
  14  0:25  SCV  
  15  0:28  Refinery  
  15  0:39  SCV  
  16  0:44  Barracks  
  16  0:51  SCV  
  17  1:03  SCV  
  18  1:15  SCV  
  19  1:31  Reaper, Orbital Command  
  20  1:43  Command Center  
  20  1:54  Factory  
  20  1:57  SCV  
  21  2:06  Barracks Reactor  
  21  2:09  SCV  
  21  2:13  Supply Depot  
  22  2:16  Refinery  
  22  2:21  SCV  
  23  2:35  SCV  
  24  2:41  Starport, Marine  
  24  2:42  Marine  
  26  2:47  SCV  
  26  2:48  Factory Tech Lab  
  27  2:55  Orbital Command  
  27  2:59  SCV  
  27  3:00  Marine x2  
  30  3:11  SCV  
  31  3:17  Marine, Factory Tech Lab  
  31  3:18  Marine  
  33  3:22  SCV  
  33  3:23  SCV  
  33  3:26  Cloaking Field  
  35  3:30  Supply Depot  
  35  3:31  Banshee  
  38  3:36  SCV x2  
  38  3:40  Marine x2  
  42  3:48  SCV x2  
  47  3:55  Siege Tank  
  47  3:57  Supply Depot  
  47  3:59  Marine  
  47  4:00  SCV x2, Marine  
  50  4:12  SCV x2  
  50  4:17  Marine  
  52  4:18  Marine  
  52  4:23  Banshee  
  52  4:24  SCV x2, Supply Depot  
  59  4:31  Siege Tank  
  62  4:43  Command Center  
  62  4:45  SCV x2, Marine x2  
  64  4:46  Supply Depot  
  66  4:57  SCV x2  
  68  5:04  Siege Tank  
  70  5:09  SCV x2  
  72  5:17  Barracks  
  72  5:20  Starport Reactor, Refinery, Barracks  
  72  5:21  SCV x2, Engineering Bay, Refinery  
  72  5:22  Engineering Bay  
  72  5:24  Marine  
  72  5:26  Stimpack  
  75  5:34  SCV x2, Supply Depot  
  77  5:42  Marine  
  78  5:55  SCV x2, Barracks  
  80  6:03  Marine  
  62  6:05  Marine x2  
  62  6:07  SCV x2  
  62  6:08  Terran Infantry Weapons Level 1, Terran Infantry Armor Level 1  
  62  6:09  Barracks  
  62  6:10  Orbital Command  
  59  6:12  Starport Reactor  
  59  6:16  Siege Tank  
  62  6:19  SCV x2  
  62  6:21  Marine x3  
  62  6:23  Marine x2  
  69  6:31  SCV x2  
  71  6:35  Orbital Command  
  71  6:39  Marine x3  
  74  6:40  Marine x2  
  74  6:43  SCV x2, Supply Depot, Barracks Reactor  
  78  6:50  Medivac x2  
  82  6:55  SCV x2  
  82  6:58  Marine x2, Factory Reactor, Barracks Reactor  
  82  6:59  Marine x3  
  90  7:01  SCV  
  90  7:06  Armory  
  90  7:07  SCV x2  
  92  7:13  SCV, Supply Depot  
  92  7:14  Refinery  
  93  7:16  Marine x3  
  93  7:17  Marine  
  93  7:18  Marine  
  93  7:19  SCV x2  
  100  7:24  Marine x2  
  100  7:25  SCV  
  100  7:26  Medivac x2, Combat Shield  
  100  7:29  Supply Depot  
  107  7:30  Supply Depot  
  107  7:34  Marine x4  
  107  7:36  Supply Depot, Marine  
  112  7:38  Marine x2  
  112  7:41  Factory  
  112  7:42  Marine x2  
  116  7:49  SCV, Supply Depot  
  116  7:51  SCV x2, Widow Mine x2  
  123  7:52  Marine x2  
  123  7:53  Supply Depot  
  123  7:58  Marine  
  123  8:00  Marine x3  
  123  8:01  Marine  
  123  8:02  Marine  
  129  8:06  Medivac  
  129  8:07  Medivac  
  129  8:08  Marine  
  129  8:10  Marine x2  
  140  8:12  Widow Mine x2  
  140  8:15  Terran Infantry Weapons Level 2, Missile Turret  
  140  8:16  Marine  
  140  8:18  Marine x2  
  140  8:19  Terran Infantry Armor Level 2  
  143  8:24  Supply Depot  
  143  8:25  Drilling Claws, Widow Mine  
  144  8:28  Missile Turret  
  144  8:29  Marine x2, Supply Depot  
  144  8:31  Marine x2  
  147  8:35  Marine x3  
  147  8:36  Widow Mine, Marine  
  147  8:40  Terran Vehicle And Ship Armor Level 1  
  147  8:41  Widow Mine  
  151  8:48  Marine x3  
  151  8:49  Marine x2  
  151  8:52  Marine, Widow Mine  
  159  8:58  SCV x3  
  159  8:59  Marine x2  
  159  9:08  Marine x2  
  153  9:10  SCV  
  153  9:14  Medivac, Widow Mine x2  
  153  9:15  Medivac, Marine x2, Widow Mine  
  158  9:19  Marine x2  
  161  9:25  Marine  
  161  9:26  Marine x2  
  161  9:28  Marine  
  161  9:29  Marine  
  163  9:33  Marine x2  
  163  9:34  Command Center  
  163  9:37  Marine x2  
  167  9:39  Widow Mine x2  
  167  9:47  Marauder  
  167  9:52  Marine x2  
  164  9:53  Marine x2  
  164  9:54  Marine x3  
  164  9:57  Widow Mine  
  164  9:58  Barracks x2, Marine  
  164  9:59  Barracks  
  163  10:01  Widow Mine  
  165  10:08  Marine  
  165  10:10  Marine  
  165  10:13  Marine x2  
  169  10:19  Marine  
Show
View Real Time Build Order
Export as new Build Order

Rex Zerg 

Build Orders: Hatch First 

Get SALT Encoding   

  12  0:01  Drone  
  13  0:13  Overlord  
  13  0:17  Drone  
  14  0:32  Drone x2  
  16  0:49  Hatchery  
  15  0:53  Drone  
  15  0:56  Drone  
  17  0:59  Drone  
  18  1:15  Extractor  
  18  1:16  Spawning Pool  
  16  1:19  Drone  
  16  1:23  Drone  
  18  1:29  Drone  
  19  1:41  Drone  
  20  1:50  Overlord  
  20  2:03  Queen x2  
  20  2:04  Zergling x4  
  26  2:21  Hatchery  
  25  2:25  Drone  
  25  2:26  Drone  
  27  2:36  Metabolic Boost  
  27  2:38  Drone  
  27  2:39  Drone  
  29  2:45  Queen  
  29  2:50  Drone  
  32  2:53  Overlord  
  32  2:56  Drone  
  33  2:59  Drone  
  33  3:01  Drone  
  35  3:07  Drone  
  36  3:13  Drone x4  
  40  3:21  Queen  
  40  3:24  Overlord  
  40  3:25  Drone  
  43  3:30  Drone  
  43  3:34  Queen  
  46  3:43  Drone x2  
  48  3:50  Drone  
  48  3:51  Drone x6  
  48  3:54  Drone x2  
  48  3:55  Drone  
  57  4:02  Overlord  
  57  4:07  Lair  
  57  4:17  Overlord  
  57  4:18  Overlord x2  
  57  4:20  Overlord  
  57  4:22  Drone x2  
  57  4:23  Drone x4  
  63  4:28  Spore Crawler x2  
  61  4:32  Queen  
  61  4:35  Spore Crawler  
  62  4:39  Baneling Nest  
  62  4:41  Zergling x6  
  62  4:45  Zergling x6  
  66  4:57  Drone  
  66  4:58  Drone x5  
  66  4:59  Drone  
  70  5:02  Drone  
  70  5:06  Drone x2  
  72  5:07  Drone  
  72  5:09  Overseer  
  72  5:12  Overlord  
  73  5:14  Overlord  
  73  5:15  Drone x2  
  73  5:16  Drone  
  73  5:18  Queen  
  78  5:24  Drone x2  
  78  5:25  Drone  
  78  5:28  Drone  
  82  5:29  Zergling x4  
  82  5:30  Zergling x4  
  82  5:31  Queen  
  82  5:34  Zergling x4  
  90  5:37  Baneling x5  
  90  5:40  Zergling x8  
  94  5:44  Zergling x8  
  94  5:46  Overseer  
  97  5:52  Zergling x2  
  97  5:53  Zergling x2  
  98  6:00  Zergling x10  
  97  6:06  Extractor  
  97  6:07  Extractor  
  97  6:09  Evolution Chamber x2, Drone x2  
  97  6:11  Drone  
  95  6:13  Extractor, Drone  
  95  6:14  Extractor  
  95  6:17  Hatchery, Extractor  
  92  6:22  Drone x2  
  92  6:25  Drone  
  95  6:29  Drone  
  95  6:30  Hatchery, Drone  
  93  6:35  Drone  
  93  6:37  Drone  
  93  6:38  Drone x2  
  93  6:39  Hydralisk Den  
  96  6:43  Drone  
  97  6:48  Drone x4  
  101  6:55  Overlord x2  
  101  6:56  Centrifical Hooks, Overlord, Zerg Melee Weapons Level 1  
  101  7:02  Zergling x2  
  101  7:03  Zergling x6  
  105  7:12  Zerg Ground Armor Level 1  
  105  7:13  Muscular Augments  
  105  7:16  Overlord x3, Drone x3  
  105  7:17  Overlord x2  
  105  7:20  Overlord  
  108  7:23  Zergling x6  
  111  7:30  Baneling x5  
  111  7:33  Infestation Pit  
  111  7:34  Overlord, Drone x4  
  114  7:37  Zergling x2  
  114  7:38  Zergling x2  
  114  7:42  Zergling x10  
  114  7:43  Baneling x5  
  121  7:58  Zergling x18  
  119  8:07  Pneumatized Carapace  
  119  8:14  Overlord  
  119  8:15  Hydralisk x5, Hive  
  119  8:16  Hydralisk x3  
  135  8:31  Hatchery  
  135  8:32  Hydralisk x2  
  135  8:33  Zergling x12  
  135  8:34  Zergling x12  
  149  8:36  Grooved Spines  
  149  8:37  Drone x2  
  151  8:46  Zergling x10  
  152  8:50  Zergling x6  
  152  8:51  Baneling  
  152  8:52  Baneling x6  
  150  8:59  Hatchery  
  129  9:03  Zergling x6  
  129  9:04  Zergling x6  
  105  9:17  Hydralisk x5, Hatchery  
  112  9:34  Drone x2  
  112  9:35  Drone x6  
  112  9:37  Hydralisk x3  
  126  9:40  Baneling x8  
  123  9:47  Zergling x8  
  123  9:55  Zergling x2  
  123  9:56  Zergling x16  
  122  10:02  Zergling x6  
  122  10:15  Overseer  
Tags
 
Add a new tag
Caveats
  • Supply blocks, unpowered buildings, or Contaminate may cause inaccurate times.
  • Supply counts are checked every 10 seconds.